 Dungeon Crawl Stone Soup version 0.19-a0-3-g95c6029 (webtiles) character file.

167634 aurelian the Black Belt (level 17, -7/93 HPs)
             Began as a Vine Stalker Monk on Apr 27, 2016.
             Was the Champion of Ru.
             Killed from afar by a shock serpent (15 damage)
             ... with an electric aura
             ... on level 1 of the Snake Pit on Apr 28, 2016.
             The game lasted 02:24:55 (35079 turns).

aurelian the Black Belt (Vine Stalker Monk)        Turns: 35079, Time: 02:24:56

Health: -7/93      AC: 15    Str: 15    XL:     17   Next: 63%
Magic:  0/20       EV: 21    Int: 11    God:    Ru [******]
Gold:   2332       SH: 11    Dex: 24    Spells: 2 memorised, 14 levels left

rFire  + . .     SeeInvis .       - Unarmed
rCold  . . .     Gourm    .     j - +4 ring mail {rF+}
rNeg   . . .     Faith    .     I - +0 buckler (curse)
rPois  +         Spirit   +     L - +2 hat {Int+3}
rElec  .         Dismiss  .     X - +2 cloak {rPois}
rCorr  .         Reflect  +     o - +0 pair of gloves (curse)
SustAt .         Harm     .     C - +0 pair of boots
MR     +....                    i - +5 amulet of reflection
Stlth  ++++++....               m - +3 ring of dexterity
                                u - ring of stealth

@: exhausted, no potions, no scrolls, somewhat resistant to hostile
enchantments, very stealthy
A: fangs 3, hooves 1, clumsy 1, dopey 1, low mp 1, regeneration 3, magic shield,
antimagic bite, no device heal 3, rot immunity, inability to drink while
threatened, inability to read while threatened, hated by all, reduced AC 1,
magic vulnerability 1, disrupted magic 1
a: Draw Out Power, Power Leap, Apocalypse, Renounce Religion
}: 1/15 runes: decaying


You were on level 1 of the Snake Pit.
You worshipped Ru.
Ru was exalted by your worship.
You were hungry.

You visited 6 branches of the dungeon, and saw 31 of its levels.
You also visited: Ice Cave.

You collected 2894 gold pieces.
You spent 562 gold pieces at shops.

Inventory:

Hand Weapons
 a - a +6 hunting sling of flaming
Missiles
 h - 536 stones (quivered)
 p - 66 sling bullets
Armour
 j - a +4 ring mail of fire resistance (worn)
 o - a cursed +0 pair of gloves (worn)
 C - a +0 pair of boots (worn)
 I - a cursed +0 buckler (worn)
 L - a +2 hat of intelligence (worn)
 X - a +2 cloak of poison resistance (worn)
Rods
 U - a +0 lightning rod (12/12)
   (You found it on level 4 of the Lair of Beasts)
Jewellery
 d - an uncursed ring of flight
 i - a +5 amulet of reflection (around neck)
 m - a +3 ring of dexterity (right hand)
 t - an uncursed amulet of harm {unknown}
 u - a ring of stealth (left hand)
 z - the ring "Kitosieh" {rN++ MP+9}
   (You bought it in a shop on level 2 of the Orcish Mines)

   [ring of magical power]

   It greatly protects you from negative energy.
   It affects your magic capacity (+9).
 M - an uncursed ring of ice
Wands
 n - a wand of iceblast (7/15)
 A - a wand of digging (7/24)
 B - a wand of lightning (5/15)
 W - a wand of lightning (12/15)
 Z - a wand of acid (5/15)
Scrolls
 c - 6 scrolls of blinking
 e - 9 scrolls of enchant armour
 f - 17 scrolls of identify
 g - a scroll of silence
 l - 15 scrolls of remove curse
 q - 3 scrolls of recharging
 w - a scroll of enchant weapon
 y - 10 scrolls of fog
 K - 3 scrolls of magic mapping
 O - a scroll of holy word
 P - 11 scrolls of teleportation
 V - a scroll of amnesia
Potions
 k - 15 potions of curing
 v - 6 potions of might
 D - 3 potions of cancellation
 F - a potion of flight {unknown}
 G - 2 potions of agility
 H - a potion of berserk rage {unknown}
 J - 6 potions of ambrosia
 N - 2 potions of magic
 Q - a potion of invisibility
 R - 2 potions of brilliance
 S - a potion of cure mutation
 T - 2 potions of resistance
Comestibles
 b - 16 bread rations
 r - 8 meat rations
 s - 23 fruits
 E - 9 royal jellies


   Skills:
 + Level 11.6 Fighting
 - Level 10.1 Slings
 - Level 7.2 Armour
 + Level 11.0 Dodging
 - Level 12.3 Stealth
 - Level 4.0 Shields
 * Level 17.7 Unarmed Combat
 - Level 3.0 Spellcasting
 + Level 7.6 Charms


You had 14 spell levels left.
You knew the following spells:

 Your Spells              Type           Power        Failure   Level  Hunger
a - Song of Slaying       Chrm           ###.....     6%          2    ###....
b - Haste                 Chrm           ###.....     100%        6    #######


Dungeon Overview and Level Annotations

Branches:
Dungeon (15/15)            Temple (1/1) D:5            Lair (8/8) D:8
  Swamp (4/4) Lair:4        Snake (1/4) Lair:5        Slime (0/6) Lair:8
    Orc (2/2) D:12            Elf (0/3) Orc:2        Vaults (0/5) D:13
 Depths (0/5) D:15

Altars:
Ashenzari
Cheibriados
Dithmenos
Elyvilon
Fedhas
Gozag
Kikubaaqudgha
Makhleb
Nemelex Xobeh
Okawaru
Pakellas
Qazlal
Ru
Sif Muna
Trog
Vehumet
Xom
Yredelemnul
The Shining One
Beogh

Shops:
D:9 [   D:11 (   D:13 (   Orc:2 [=(*

Annotations:
Lair:3 exclusion: 4 oklob plants


Innate Abilities, Weirdness & Mutations

You have razor-sharp teeth.
You are clumsy. (Dex -2)
Your magical capacity is low (-10% MP).
You regenerate.
When hurt, damage is shared between your health and your magic reserves.
Your bite disrupts and absorbs the magic of your enemies.
Potions and wands cannot restore your health.
You are immune to rotting.
You cannot drink potions while threatened.
You cannot read scrolls while threatened.
You are hated by all.
You take slightly more damage. (AC -3)
You are slightly vulnerable to magic.
Your casting is slightly disrupted.
You have large cloven feet.
You are dopey. (Int -2)


Message History

You feel threatened and lose the ability to drink potions!
You hit the shock serpent but do no damage.
The shock serpent is lightly wounded.
The shock serpent bites you! The shock serpent shocks you!
You focus your will and blind the shock serpent in retribution!
Unknown command.
Aiming: Power Leap
Press: ? - help, Dir - move target cursor The shock serpent's electric aura discharges, shocking you!
The shock serpent shoots out a bolt of lightning at you!
The bolt of electricity hits you!
* * * LOW HITPOINT WARNING * * *
The bolt of electricity hits you!
* * * LOW HITPOINT WARNING * * *
The shock serpent completely misses you.
You catch the helpless shock serpent completely off-guard!
You pummel the shock serpent!!
You kill the shock serpent!
The air sparks with electricity, shocking you!
You die...

...###..##..# ##...# #####
)..##......## #....####.#
......####.#### ##........##
.....####................##.##
......##..###..##...#....##..#
..........###..##..##....###.###
...........###....# ##...# #...#
.###.........##...# #....##..##
.# ...#........@.# #.......## .#
.##....#...†### #......## ..
##.#####.......#####.## #.##
#....##.# ##.## . ##.# #...###.#
##.# .. ##.###.....#...#####.##
...# ##......##...........##
.....##..###.## #...##....##
#...## #.####...####..#


There were no monsters in sight!

Vanquished Creatures
  Frances (D:14)
  3 thorn hunters
  Donald (D:13)
  2 orc warlords
  Aizul (Swamp:4)
  The ghost of mrdude the Fencer, a journeyman MiFi of the Shining One (Lair:4)
  Nessos (D:13)
  Snorg (Orc:2)
  Erolcha (D:12)
  Josephine (D:12)
  A rakshasa (D:15)
  A catoblepas (Lair:8)
  A ghost crab (Swamp:3)
  22 hydras
  A naga warrior (Snake:1)
  3 centaur warriors
  Erica (D:9)
  An ogre mage (D:13)
  11 alligators
  A tengu warrior (D:14)
  10 death yaks
  A hell hog (shapeshifter) (D:15)
  2 orc high priests
  Urug (Orc:1)
  Nergalle (Lair:1)
  A shock serpent (Snake:1)
  A skeletal warrior (D:13)
  A giant orange brain (D:15)
  2 unseen horrors
  A shambling mangrove (Swamp:4)
  A hill giant (D:11)
  5 swamp dragons
  4 orc knights
  A deep elf mage (D:15)
  A mana viper (Snake:1)
  7 cyclopes
  4 griffons
  5 orc sorcerers (Orc:2)
  7 ugly things
  3 manticores
  3 hornets
  Maurice (D:10)
  9 elephants
  2 ice statues (IceCv)
  3 black mambas
  2 naga magi (Snake:1)
  3 torpor snails
  A gargoyle (D:10)
  A rime drake (shapeshifter) (D:15)
  17 spiny frogs
  3 rime drakes (Lair:8)
  A kobold demonologist (D:12)
  11 trolls
  7 ice devils (IceCv)
  12 komodo dragons
  7 spriggan druids
  8 polar bears
  Grinder (D:3)
  27 slime creatures
  4 bog bodies
  24 blink frogs
  A giant leech (Swamp:2)
  3 redbacks (Lair:8)
  Sigmund (D:3)
  3 shadows
  5 wraiths
  A tarantella (shapeshifter) (D:15)
  14 spriggans
  16 humans (D:13)
  A wyvern (shapeshifter) (D:15)
  36 yaks
  3 wyverns
  A vampire (D:14)
  5 basilisks
  Grum (D:8)
  3 hungry ghosts
  9 vampire mosquitoes
  3 wargs
  12 hippogriffs
  4 insubstantial wisps (Swamp:2)
  A mottled dragon (D:12)
  A naga (Snake:1)
  19 swamp worms
  3 soldier ants
  13 water moccasins
  39 orc warriors
  13 porcupines
  12 swamp drakes
  9 black bears (Lair:8)
  3 sky beasts
  12 ice beasts
  A phantom (D:9)
  11 ogres
  12 wasps
  3 eyes of draining
  43 wolves
  2 necrophages
  22 centaurs
  18 crocodiles
  A big kobold (D:5)
  A gnoll sergeant (D:6)
  An elf zombie (D:7)
  21 giant frogs
  An elf skeleton (D:7)
  A wyvern zombie (D:13)
  3 scorpions
  A troll zombie (D:7)
  10 killer bees
  13 wights
  An electric eel (Lair:4)
  4 howler monkeys
  3 crimson imps
  A giant frog zombie (D:12)
  A wasp zombie (D:8)
  6 centaur zombies
  13 jellies
  Crazy Yiuf (D:3)
  26 orc priests
  3 giant frog skeletons
  11 hounds
  2 human zombies (D:7)
  32 orc wizards
  4 centaur skeletons
  9 iguanas
  Terence (D:3)
  6 worker ants
  A hell rat (D:6)
  An ogre zombie (D:7)
  19 sheep
  A hound skeleton (D:4)
  2 mummies (D:7)
  A worker ant zombie (D:6)
  7 gnolls
  13 adders
  72 river rats
  2 shadow imps
  4 white imps (IceCv)
  3 ufetubi (IceCv)
  21 oozes
  2 adder skeletons
  4 worms
  2 dart slugs (D:2)
  85 orcs
  2 giant cockroaches
  5 hobgoblins
  16 jackals
  9 kobolds
  5 quokkas
  A ball python skeleton (D:4)
  6 bats
  A giant gecko zombie (D:8)
  5 giant newts
  7 goblins
  An orc zombie (D:7)
  21 rats
  3 fungi (D:12)
1120 creatures vanquished.

Vanquished Creatures (others)
  3 hydras
  An orc knight (Orc:2)
  A spiny frog (Lair:4)
  An ice devil (IceCv)
  2 orc warriors
  2 wolves
  A centaur (D:13)
  Blork the orc (Orc:1)
  A sheep (Lair:3)
  6 white imps (IceCv)
  4 ufetubi (IceCv)
  An ooze (D:12)
  2 orcs
  2 briar patches (Swamp:4)
  A bush (Lair:8)
  16 fungi
  14 plants
59 creatures vanquished.

Grand Total: 1179 creatures vanquished

Notes
Turn   | Place    | Note
--------------------------------------------------------------
     0 | D:1      | aurelian the Vine Stalker Monk began the quest for the Orb.
     0 | D:1      | Reached XP level 1. HP: 11/11 MP: 2/2
     6 | D:1      | Noticed a wyvern
     6 | D:1      | Noticed a wolf
     7 | D:1      | Noticed a swamp worm
     7 | D:1      | Noticed a black bear
   121 | D:1      | Reached XP level 2. HP: 16/16 MP: 3/3
   625 | D:2      | Reached XP level 3. HP: 19/19 MP: 4/4
   781 | D:2      | Found a snail-covered altar of Cheibriados.
  1203 | D:2      | Reached skill level 5 in Unarmed Combat
  1203 | D:2      | Reached XP level 4. HP: 23/23 MP: 3/5
  1729 | D:3      | Noticed Sigmund
  1753 | D:3      | Killed Sigmund
  1753 | D:3      | Reached skill level 5 in Stealth
  1753 | D:3      | Reached skill level 6 in Unarmed Combat
  1753 | D:3      | Reached XP level 5. HP: 14/27 MP: 3/6
  1753 | D:3      | Gained mutation: You heal very quickly. [Vine Stalker growth]
  1753 | D:3      | Reached XP level 6. HP: 17/32 MP: 3/7
  1827 | D:3      | Noticed Terence
  1844 | D:3      | Noticed Grinder
  1848 | D:3      | Killed Terence
  1853 | D:3      | Killed Grinder
  1853 | D:3      | Reached skill level 7 in Unarmed Combat
  1853 | D:3      | Reached XP level 7. HP: 35/35 MP: 8/8
  2090 | D:3      | Found a blossoming altar of Fedhas.
  2090 | D:3      | Found a basalt altar of Yredelemnul.
  2091 | D:3      | Found an iron altar of Okawaru.
  2595 | D:3      | Noticed Crazy Yiuf
  2606 | D:3      | Killed Crazy Yiuf
  2798 | D:4      | Reached skill level 8 in Unarmed Combat
  2831 | D:4      | Gained mutation: You have razor-sharp teeth. [Vine Stalker growth]
  2831 | D:4      | Reached XP level 8. HP: 15/39 MP: 3/9
  3249 | D:5      | Entered Level 5 of the Dungeon
  3301 | D:5      | Reached skill level 9 in Unarmed Combat
  3355 | D:5      | Found a staircase to the Ecumenical Temple.
  3401 | Temple   | Entered the Ecumenical Temple
  3427 | Temple   | Became a worshipper of Ru the Awakened
  3428 | Temple   | Gained mutation: You cannot drink potions while threatened. [Ru sacrifice]
  3428 | Temple   | Reached * piety under Ru
  3640 | D:5      | Found a shattered altar of Ashenzari.
  3907 | D:5      | Found an oddly glowing altar of Pakellas.
  3924 | D:5      | Found a burning altar of Makhleb.
  4461 | D:6      | Reached skill level 10 in Unarmed Combat
  4758 | D:6      | Reached XP level 9. HP: 28/44 MP: 7/10
  5379 | D:7      | Gained mutation: You are hated by all. [Ru sacrifice]
  5379 | D:7      | Reached ** piety under Ru
  5518 | D:7      | Reached skill level 1 in Slings
  5625 | D:7      | Reached skill level 11 in Unarmed Combat
  6024 | D:7      | Reached XP level 10. HP: 50/51 MP: 11/11
  6046 | D:7      | Found an ancient bone altar of Kikubaaqudgha.
  6102 | D:7      | Reached skill level 5 in Fighting
  6514 | D:8      | Noticed Grum
  6525 | D:8      | Killed Grum
  6535 | D:8      | Reached skill level 5 in Dodging
  6894 | D:8      | Gained mutation: You are clumsy. (Dex -2) [Ru sacrifice]
  6894 | D:8      | Reached *** piety under Ru
  6998 | D:8      | Found a shimmering altar of Xom.
  7288 | D:8      | Found a staircase to the Lair.
  7296 | D:8      | Noticed a cyclops
  7306 | Lair:1   | Entered Level 1 of the Lair of Beasts
  7494 | Lair:1   | Reached XP level 11. HP: 56/56 MP: 12/12
  7571 | Lair:1   | Reached skill level 12 in Unarmed Combat
  7581 | Lair:1   | Reached skill level 5 in Slings
  7670 | Lair:1   | Noticed a six-headed hydra
  7695 | Lair:1   | Killed a six-headed hydra
  7780 | Lair:1   | Noticed an eight-headed hydra
  7786 | Lair:1   | Killed an eight-headed hydra
  7789 | Lair:1   | Noticed Nergalle
  8077 | Lair:1   | Found a bloodstained altar of Trog.
  8467 | Lair:1   | Killed Nergalle
  9289 | Lair:2   | Gained mutation: Your casting is slightly disrupted. [Ru sacrifice]
  9548 | Lair:2   | Noticed a six-headed hydra
  9561 | Lair:2   | Killed a six-headed hydra
  9561 | Lair:2   | Gained mutation: You regenerate. [Vine Stalker growth]
  9561 | Lair:2   | Reached XP level 12. HP: 15/63 MP: 4/13
 10180 | Lair:2   | Noticed a four-headed hydra
 10204 | Lair:2   | Killed a four-headed hydra
 10529 | Lair:3   | Found a frozen archway.
 10698 | IceCv    | Entered an ice cave
 11653 | IceCv    | Reached skill level 13 in Unarmed Combat
 11888 | IceCv    | Reached skill level 10 in Stealth
 12728 | Lair:3   | Gained mutation: You cannot read scrolls while threatened. [Ru sacrifice]
 12728 | Lair:3   | Reached **** piety under Ru
 12728 | Lair:3   | Reached ***** piety under Ru
 13545 | Lair:4   | You fall through a shaft for 2 floors!
 13776 | Lair:5   | Found a staircase to the Snake Pit.
 14164 | Lair:5   | Reached XP level 13. HP: 58/69 MP: 14/14
 15097 | Lair:4   | Gained mutation: Your magical capacity is low (-10% MP). [Ru sacrifice]
 15275 | Lair:4   | Found a staircase to the Swamp.
 15453 | Lair:4   | Noticed mrdude's ghost (journeyman MiFi)
 15532 | Lair:4   | Killed mrdude's ghost
 16036 | Lair:6   | Reached skill level 14 in Unarmed Combat
 16827 | Lair:6   | Gained mutation: You take slightly more damage. (AC -3) [Ru sacrifice]
 17185 | Lair:7   | Reached skill level 1 in Armour
 17822 | Lair:8   | Entered Level 8 of the Lair of Beasts
 17986 | Lair:8   | Reached skill level 1 in Shields
 18208 | Lair:7   | Reached XP level 14. HP: 75/75 MP: 13/13
 18345 | Lair:8   | Gained mutation: You are slightly vulnerable to magic. [Ru sacrifice]
 18345 | Lair:8   | Reached ****** piety under Ru
 18613 | Lair:8   | Found a staircase to the Slime Pits.
 19332 | Lair:8   | Reached skill level 15 in Unarmed Combat
 19936 | Lair:8   | Learned a level 2 spell: Song of Slaying
 19994 | Lair:8   | Reached skill level 1 in Charms
 20885 | D:9      | Found a glowing golden altar of the Shining One.
 20892 | D:9      | Noticed Erica
 20920 | D:9      | Killed Erica
 21081 | D:9      | Found a deep blue altar of Sif Muna.
 21283 | D:9      | Found Ruryuh's Antique Armour Emporium.
 21496 | D:9      | Found a glowing golden altar of the Shining One.
 21613 | D:10     | Entered Level 10 of the Dungeon
 21912 | D:10     | Noticed Maurice
 21919 | D:10     | Killed Maurice
 21919 | D:10     | Reached skill level 1 in Spellcasting
 22380 | D:11     | Reached XP level 15. HP: 79/80 MP: 14/16
 22565 | D:11     | Found Fats's Weapon Boutique.
 22789 | D:11     | Gained mutation: You have large cloven feet. [potion of beneficial mutation]
 23247 | D:12     | Found a staircase to the Orcish Mines.
 23529 | D:12     | Reached skill level 10 in Fighting
 23806 | Orc:1    | Entered Level 1 of the Orcish Mines
 23806 | Orc:1    | Noticed Josephine
 23806 | Orc:1    | Noticed Erolcha
 23808 | Orc:1    | Noticed Urug
 23808 | Orc:1    | Paralysed by Erolcha for 4 turns
 23818 | D:12     | Killed Erolcha
 23822 | D:12     | Killed Josephine
 23934 | Orc:1    | Killed Urug
 23997 | Orc:1    | Noticed an orc warlord
 24013 | Orc:1    | Killed an orc warlord
 24521 | Orc:2    | Entered Level 2 of the Orcish Mines
 24825 | Orc:2    | Noticed Blork the orc
 24834 | Orc:2    | Noticed an orc warlord
 24996 | Orc:1    | Killed Blork the orc
 25424 | Orc:2    | Killed an orc warlord
 25628 | Orc:2    | Gained mutation: You are dopey. (Int -2) [a neqoxec]
 25811 | Orc:2    | Found a roughly hewn altar of Beogh.
 25897 | Orc:2    | Found Gisovai's General Store.
 25911 | Orc:2    | Found Wosankyt's Antique Weapon Shop.
 25995 | Orc:2    | Found Rema's Antique Armour Shop.
 26100 | Orc:2    | Found a staircase to the Elven Halls.
 26250 | Orc:2    | Noticed Snorg
 26265 | Orc:2    | Killed Snorg
 26404 | Orc:2    | Found Vewag's Jewellery Shop.
 26426 | Orc:2    | Bought the ring "Kitosieh" {rN++ MP+9} for 562 gold pieces
 26493 | Orc:2    | Learned a level 6 spell: Haste
 26765 | D:13     | Noticed Nessos
 26794 | D:13     | Killed Nessos
 26794 | D:13     | Reached skill level 10 in Slings
 26905 | D:13     | Found Sakh's Antique Weapon Shop.
 26933 | D:13     | Reached skill level 5 in Armour
 26952 | D:13     | Reached skill level 16 in Unarmed Combat
 27131 | D:13     | Reached XP level 16. HP: 86/86 MP: 19/19
 27198 | D:13     | Found a gate to the Vaults.
 27375 | D:13     | Noticed Donald
 27383 | D:13     | Killed Donald
 27456 | D:13     | Reached skill level 5 in Charms
 27781 | D:14     | Upgraded the game from 0.19-a0-2-g57af7d0 to 0.19-a0-3-g95c6029
 27937 | D:14     | Found a shadowy altar of Dithmenos.
 28001 | D:14     | Noticed Frances
 28020 | D:14     | Killed Frances
 28144 | D:14     | Reached skill level 10 in Dodging
 28292 | D:15     | Entered Level 15 of the Dungeon
 29408 | D:15     | Found a staircase to the Depths.
 29768 | Swamp:1  | Entered Level 1 of the Swamp
 30377 | Swamp:1  | Noticed a thorn hunter
 30386 | Swamp:1  | Killed a thorn hunter
 31736 | Swamp:3  | Reached skill level 17 in Unarmed Combat
 31739 | Swamp:4  | Entered Level 4 of the Swamp
 32069 | Swamp:3  | Found a stormy altar of Qazlal.
 32270 | Swamp:3  | Reached XP level 17. HP: 75/91 MP: 18/20
 33295 | Swamp:4  | Noticed Aizul
 33450 | Swamp:4  | Killed Aizul
 34525 | Swamp:4  | Got a decaying rune of Zot
 34719 | Snake:1  | Entered Level 1 of the Snake Pit
 35079 | Snake:1  | Killed from afar by a shock serpent

Vault maps used:
D:1:      onia_arrival_zoo_common
D:2:      nicolae_overflow_hidden_temple, cheibriados_altar_1
D:3:      gammafunk_temple_overflow_claw, uniq_terence, uniq_crazy_yiuf_cottage,
          uniq_sigmund, uniq_grinder
D:5:      lemuel_doored_altar, grunt_pakellas_basics, temple_pool_b,
          first_bread, nicolae_ashenzari_panopticon
D:6:      lemuel_ratsnest, columned_hall_lemuel
D:7:      boulder_indie, lemuel_mausoleum_altar_kikubaaqudgha
D:8:      lemuel_round_altar, lair_0_dummy, hangedman_pestilent_swarm,
          kennysheep_generic_room_15, uniq_grum
D:9:      overflow_temple_1_default, tso_metal_star, basic_altar, serial_shops,
          nicolae_shop_stone, small_statue_intersection, uniq_erica
D:10:     uniq_maurice
D:11:     serial_shops, shop, serial_glass, glass_columns_a, glass_columns_a,
          glass_columns_a, glass_columns_a, serial_bayou_pond_c
D:12:     lemuel_slime, orc_0_dummy
D:13:     david_vaults_3, serial_shops, nicolae_shop_overgrown_old_shop,
          uniq_nessos
D:14:     grunt_dithmenos_smoke_and_mirrors, uniq_frances
D:15:     gammafunk_enter_depths_forms, hangedman_abyss_or_decor_stabs
Temple:   chequers_temple_sunken_temple
Lair:1:   basic_altar, beast_lair_carwin_6, grunt_megastairs_2, uniq_nergalle
Lair:2:   grunt_megastairs_4, lemuel_fruit_fields, lemuel_fruit_tree
Lair:3:   portal_ice_cave_entry_ice_beasts, disabler_island, grunt_megastairs_3
Lair:4:   swamp_mist, serial_bayou_lagoon_a, grunt_megastairs_5
Lair:5:   guppyfry_snake_entry_island, serial_bayou_pond_c, lemuel_fruit_fields
Lair:6:   grunt_megastairs_1
Lair:8:   minmay_lair_end_enchanted_forest, nicolae_slime_entry_slimehenge
Swamp:1:  evilmike_swamp_ruin_house_1
Swamp:2:  hangedman_swamp_lotus
Swamp:3:  nicolae_swamp_godswood, swamp_pool4, nicolae_swamp_triple_paths,
          hangedman_swamp_pad
Swamp:4:  swamp, uniq_aizul
Snake:1:  st_stairs_13, uniq_donald
Orc:1:    uniq_josephine, uniq_erolcha, uniq_urug
Orc:2:    grunt_orc_cross, uniq_snorg
IceCv:    ice_cave_small_demon

Skill      XL: |  1  2  3  4  5  6  7  8  9 10 11 12 13 14 15 16 17 |
---------------+----------------------------------------------------+-----
Stealth        | 3 5 6 7 9 10 11 12 | 12.3
Unarmed Combat | 5 6 7 8 10 11 12 13 14 15 16 17 | 17.7
Fighting       | 3 4 6 7 8 9 10 11 | 11.6
Dodging        | 4 5 6 7 8 9 10 11 | 11.0
Slings         | 2 4 6 7 8 9 10 | 10.1
Armour         | 2 4 5 6 7 |  7.2
Shields        | 1 3 4 |  4.0
Charms         | 2 4 6 7 |  7.6
Spellcasting   | 1 3 |  3.0

Action                   |  1- 3 |  4- 6 |  7- 9 | 10-12 | 13-15 | 16-18 || total
-------------------------+-------+-------+-------+-------+-------+-------++-------
Melee: Unarmed           |    63 |    47 |   299 |   446 |  1385 |   954 ||  3194
       Bite              |    14 |     8 |    93 |   163 |   581 |   453 ||  1312
       Punch             |       |       |    21 |    38 |    91 |       ||   150
 Fire: Hunting sling     |     8 |    36 |   140 |   612 |   488 |   207 ||  1491
Throw: Stone             |    26 |       |       |     1 |       |       ||    27
Invok: Sacrifice Drink   |       |       |     1 |       |       |       ||     1
       Sacrifice Love    |       |       |     1 |       |       |       ||     1
       Sacrifice Purity  |       |       |       |     1 |       |       ||     1
       Draw Out Power    |       |       |       |     2 |       |       ||     2
       Sacrifice Essence |       |       |       |     1 |     2 |       ||     3
       Sacrifice Words   |       |       |       |     1 |       |       ||     1
       Power Leap        |       |       |       |       |    37 |    17 ||    54
       Sacrifice Health  |       |       |       |       |     1 |       ||     1
       Apocalypse        |       |       |       |       |     1 |       ||     1
Evoke: Wand              |       |       |       |     1 |     2 |       ||     3
  Use: Scroll            |     5 |       |    11 |     5 |    15 |     6 ||    42
       Potion            |       |     5 |     1 |     1 |     4 |       ||    11
 Stab: Sleeping          |     6 |     1 |    20 |     8 |    42 |    14 ||    91
       Confused          |       |     1 |       |       |       |     1 ||     2
       Distracted        |       |       |     5 |     1 |    13 |    13 ||    32
       Invisible         |       |       |       |     3 |    30 |    13 ||    46
       Paralysed         |       |       |       |       |    13 |     3 ||    16
  Eat: Chunk             |     1 |     2 |    13 |    17 |    38 |    15 ||    86
       Pizza             |       |       |       |     2 |     1 |     3 ||     6
       Beef jerky        |       |       |       |     4 |       |     4 ||     8
       Fruit             |       |       |       |       |     5 |       ||     5
Armor: Robe              |     7 |     9 |    37 |    68 |    15 |       ||   136
       Ring mail         |       |       |       |       |   240 |   148 ||   388
Dodge: Dodged            |    18 |    27 |   120 |   185 |   718 |   435 ||  1503
Block: Other             |       |       |    52 |    51 |   133 |       ||   236
       Reflection        |       |       |       |     2 |    19 |    10 ||    31
       Buckler           |       |       |       |       |   279 |   369 ||   648
